 Dungeon Crawl Stone Soup version 0.26-a0-1181-gd376ed14c5 (webtiles) character file.

Game seed: 9408391146758374078

27 runemasterragnar the Vexing (level 3, 0/20 HPs)
             Began as a Kobold Arcane Marksman on Dec 26, 2020.
             Slain by a quokka (3 damage)
             ... on level 2 of the Dungeon.
             The game lasted 00:01:27 (1180 turns).

runemasterragnar the Vexing (KoAM)                  Turns: 1180, Time: 00:01:27

Health: 0/20       AC:  2    Str:  8    XL:     3   Next: 25%
Magic:  5/5        EV: 15    Int: 14    God:
Gold:   96         SH:  0    Dex: 15    Spells: 3/4 levels left

rFire    . . .     SeeInvis .   a - +0 hand crossbow
rCold    . . .     Faith    .   (shield restricted)
rNeg     . . .     Spirit   .   e - +0 robe
rPois    .         Reflect  .   (no helmet)
rElec    .         Harm     .   (no cloak)
rCorr    .         Rampage  .   (no gloves)
Will     .....                  (no boots)
Stlth    +++.......             (no amulet)
HPRegen  0.06/turn              (no ring)
MPRegen  0.09/turn              (no ring)

@: no status effects
A: small, nightstalker 3
a: no special abilities


You were on level 2 of the Dungeon.
You visited 1 branch of the dungeon, and saw 2 of its levels.

You collected 96 gold pieces.

Inventory:

Hand Weapons
 a - a +0 hand crossbow (weapon)
 b - a +0 dagger
Missiles
 d - 9 bolts (quivered ammo)
Armour
 e - a +0 robe (worn)
Scrolls
 f - 2 scrolls of remove curse {unknown}
Potions
 c - a potion of brilliance {unknown}
 g - a potion of heal wounds {unknown}


   Skills:
 + Level 1.5 Fighting
 * Level 3.1 Crossbows
 + Level 2.6 Dodging
 + Level 0.9 Stealth
 + Level 1.4 Spellcasting
 + Level 3.1 Hexes


You had 3 spell levels left.
You knew the following spells:

 Your Spells              Type           Power        Failure   Level
a - Corona                Hex            10%          7%          1

Your spell library contained the following spells:

 Spells                   Type           Power        Failure   Level
 Slow                     Hex            9%           11%         2
 Inner Flame              Hex/Fire       5%           36%         3
 Portal Projectile        Hex/Tloc       10%          36%         3
 Cause Fear               Hex            4%           56%         4
 Leda's Liquefaction      Hex/Erth       2%           78%         4


Dungeon Overview and Level Annotations

Branches:
Dungeon (1/15)

Altars:


Innate Abilities, Weirdness & Mutations

You are small and have problems with some larger weapons.
You are completely attuned to the shadows.


Message History

Press: ? - help, Q - select action, (/) - cycle Shift-Dir - straight line, f/p - quokka
Aim: a quokka (severely wounded)
You shoot a bolt. The bolt closely misses the quokka.
The bolt hits the dart slug!
The dart slug is almost dead.
The quokka bites you. The quokka closely misses you.
Fire: 11 bolts
Press: ? - help, Q - select action, (/) - cycle Shift-Dir - straight line, f/p - quokka
Aim: a quokka (severely wounded)
You shoot a bolt. The bolt closely misses the quokka.
The bolt hits the dart slug.
You kill the dart slug!
The quokka bites you.
* * * LOW HITPOINT WARNING * * *
Fire: 10 bolts
Press: ? - help, Q - select action, (/) - cycle Shift-Dir - straight line, f/p - quokka
Aim: a quokka (severely wounded)
You shoot a bolt. The bolt completely misses the quokka.
The quokka bites you.
You die...

.....# .....#
.(....# ......#
.(..(.# ....(.#
....(.# .###r##
#@####### #.......#
#######.#
###########.##
#............#
#............# ..
#............# ...
#............#
#.#.##†...........#


You could see a quokka.

Vanquished Creatures
  2 dart slugs
  2 giant cockroaches (D:1)
  6 goblins
  3 hobgoblins (D:1)
  A bat (D:1)
  A frilled lizard (D:1)
  3 kobolds (D:1)
  3 rats (D:1)
21 creatures vanquished.

Notes
Turn   | Place    | Note
-------+----------+-------------------------------------------
     0 | D:1      | runemasterragnar the Kobold Arcane Marksman began the quest
                  | for the Orb.
     0 | D:1      | Reached XP level 1. HP: 12/12 MP: 2/2
   174 | D:1      | Reached XP level 2. HP: 16/16 MP: 3/3
   931 | D:1      | Reached XP level 3. HP: 20/20 MP: 3/5
  1137 | D:1      | You fall into a shaft and drop 1 floor!
  1180 | D:2      | Slain by a quokka

Illustrated notes

Levels and vault maps discovered:
D:1:      wander_arrival_desolate, layout_basic
D:2:      layout_basic, lemuel_statue_altar, uniq_natasha

Skill      XL: |  1  2 |
---------------+-------+-----
Crossbows      | 3 |  3.1
Fighting       | |  1.5
Dodging        | |  2.6
Stealth        | |  0.9
Spellcasting   | |  1.4
Hexes          | |  3.1

Action                   || total
-------------------------++-------
 Fire: Hand crossbow     ||    39
 Cast: Corona            ||     2
Dodge: Dodged            ||    10

Table legend: (Time is in decaauts)
 A = Elapsed time spent in this place.
 B = Non-inter-level travel time spent in this place.
 C = Inter-level travel time spent in this place.
 D = Time resting spent in this place.
 E = Time spent auto-exploring this place.
 F = Levels seen in this place.
 G = Mean time per level.
                   A        B        C        D        E       F      G
               +--------+--------+--------+--------+--------+-----+--------+
         Total |   1193 |   1193 |      0 |    299 |    784 |   2 |  596.5 |
       Dungeon |   1193 |   1193 |      0 |    299 |    784 |   2 |  596.5 |
               +--------+--------+--------+--------+--------+-----+--------+

Top non-repeatable levels by time:
     D:1: 1148 daAuts
     D:2: 45 daAuts
